 Dungeon Crawl Stone Soup version 0.32-a0-871-ge202e49faa (webtiles) character file.

Game seed: 1958381132532119882

183 Goblin1989 the Ruffian (level 5, -2/37 HPs)
             Began as a Demonspawn Shapeshifter on Mar 30, 2024.
             Was an Initiate of Qazlal.
             Frozen to death by an endoplasm (5 damage)
             ... on level 3 of the Dungeon.
             The game lasted 00:05:21 (1943 turns).

Goblin1989 the Ruffian (Demonspawn Shapeshifter)    Turns: 1943, Time: 00:05:21

Health: -2/37      AC:  8    Str: 14 (16) XL:     5   Next: 35%
Magic:  5/5        EV:  6    Int:  8 (9)  God:    Qazlal [......]
Gold:   97         SH:  0    Dex: 11 (12) Spells: 4/4 levels left

rFire   . . .        b - +6 sling of Yfou {freeze, rElec rN+ Int-2 Stlth+}
rCold   . . .        (no shield)
rNeg    + . .        r - +0 chain mail
rPois   +            (helmet currently unavailable)
rElec   +            (cloak currently unavailable)
rCorr   .            (gloves currently unavailable)
SInv    .            (boots currently unavailable)
Will    .....        (no amulet) Stlth
                     j - ring of poison resistance
HPRegen 0.26/turn    (no ring)
MPRegen 0.09/turn

%: no passive effects
@: beast-form
A: beast (slay +2), hooves 1, ignite blood 1, demonic touch 1
a: Begin Untransformation, Renounce Religion


You were on level 3 of the Dungeon.
You worshipped Qazlal.
Qazlal was noncommittal.
You were a hulking beast.
You visited 1 branch of the dungeon, and saw 3 of its levels.

You collected 97 gold pieces.

Inventory:

Hand Weapons
 b - the +6 sling of Yfou (weapon) {freeze, rElec rN+ Int-2 Stlth+}
   (You found it on level 2 of the Dungeon)

   Int-2:     It affects your intelligence (-2).
   rElec:     It insulates you from electricity.
   rN+:       It protects you from negative energy.
   Stlth+:    It makes you more stealthy.
Missiles
 g - 6 javelins {@Q3}
Armour
 a - a +0 animal skin
 p - a +0 plate armour
 r - a +0 chain mail (worn)
Jewellery
 j - a ring of poison resistance (left hand)
Talismans
 c - a beast talisman (active)
 d - a flux talisman
 l - a maw talisman
Scrolls
 e - a scroll of teleportation {unknown}
 i - 5 scrolls of identify {unknown}
 k - a scroll of amnesia {unknown}
 o - a scroll of revelation {unknown}
Potions
 h - a potion of brilliance {unknown}
 n - a potion of lignification
 q - a potion of curing {unknown}


   Skills:
 + Level 1.0 Fighting
 * Level 2.8 Ranged Weapons
 + Level 0.1 Armour
 + Level 1.8 Dodging
 - Level 3.7 Unarmed Combat
 - Level 3.5 Shapeshifting


You had 4 spell levels left.
You didn't know any spells.
Your spell library contained the following spells:

 Spells                   Type           Power      Damage    Failure   Level
 Freeze                   Ice            0%         1d3       100%        1
 Frozen Ramparts          Ice            0%         1d1       100%        3
 Hailstorm                Conj/Ice       0%         3d5       100%        3


Dungeon Overview and Level Annotations

Branches:
Dungeon (3/15) Zot: 16034

Altars:
Qazlal

Shops:
D:2 (


Innate Abilities, Weirdness & Mutations

You are a hulking beast.
Your limbs bulge with bestial killing power. (Slay +2)
You have large cloven feet.
Your demonic aura sometimes causes spilled blood to erupt in flames.
Your touch may inflict minor irresistible damage on your foes.


Message History

Fire: b) +6 sling of Yfou {freeze, rElec rN+ Int-2 Stlth+}
Press: ? - help, Q - select action, (/) - cycle Shift-Dir - straight line, f/p - ball python
Aim: a ball python (62% to hit)
You shoot a sling bullet. The sling bullet hits the orc.
The sling bullet freezes the orc.
The orc is moderately wounded.
The orc barely misses you. The orc hits you with a +0 flail.
The orc hits you but does no damage. The orc barely misses you.
You take 2 damage, and have 17/37 hp.
Fire: b) +6 sling of Yfou {freeze, rElec rN+ Int-2 Stlth+}
Press: ? - help, Q - select action, (/) - cycle Shift-Dir - straight line, f/p - ball python
Aim: a ball python (62% to hit)
You shoot a sling bullet.
The sling bullet closely misses the orc.
The sling bullet closely misses the ball python.
The orc closely misses you. The orc hits you but does no damage. x2
The orc hits you with a +0 flail.
* * * LOW HITPOINT WARNING * * *
You take 3 damage, and have 14/37 hp.
It was a potion of heal wounds.
You feel much better. The orc hits you but does no damage.
The endoplasm hits you but does no damage.
The orc hits you with a +0 flail!
You regained 11 hp, and now have 25/37 hp.
Fire: b) +6 sling of Yfou {freeze, rElec rN+ Int-2 Stlth+}
Press: ? - help, Q - select action, (/) - cycle Shift-Dir - straight line, f/p - ball python
Aim: a ball python (62% to hit)
You shoot a sling bullet. The sling bullet barely misses the orc.
The sling bullet hits the ball python!
The sling bullet freezes the ball python.
You kill the ball python!
Qazlal accepts your kill. The orc hits you but does no damage.
The endoplasm hits you but does no damage.
The orc closely misses you. The orc hits you but does no damage.
Fire: b) +6 sling of Yfou {freeze, rElec rN+ Int-2 Stlth+}
Press: ? - help, Q - select action, (/) - cycle Shift-Dir - straight line, f - orc
Aim: an orc, wielding a +0 flail and wearing a +0 scale mail (lightly wounded, 69% to hit)
You shoot a sling bullet. The sling bullet hits the orc.
The sling bullet freezes the orc.
The orc is heavily wounded.
The endoplasm completely misses you. The orc hits you but does no damage. x2
The endoplasm hits you but does no damage.
The orc barely misses you.
Fire: b) +6 sling of Yfou {freeze, rElec rN+ Int-2 Stlth+}
Press: ? - help, Q - select action, (/) - cycle Shift-Dir - straight line, f/p - orc
Aim: an orc, wielding a +0 flail and wearing a +0 scale mail (heavily wounded, 69% to hit)
You shoot a sling bullet.
The sling bullet hits the orc but does no damage.
The orc is heavily wounded.
The orc hits you with a +0 hand axe. The orc hits you with a +0 flail.
The endoplasm hits you. The orc hits you with a +0 hand axe.
* * * LOW HITPOINT WARNING * * *
The orc hits you with a +0 flail.
* * * LOW HITPOINT WARNING * * *
The endoplasm barely misses you.
You take 13 damage, and have 13/37 hp.
MASSIVE DAMAGE!!
Fire: b) +6 sling of Yfou {freeze, rElec rN+ Int-2 Stlth+}
Press: ? - help, Q - select action, (/) - cycle Shift-Dir - straight line, f/p - orc
Aim: an orc, wielding a +0 flail and wearing a +0 scale mail (heavily wounded, 69% to hit)
You shoot a sling bullet.
The sling bullet closely misses the orc.
The orc barely misses you.
The endoplasm hits you but does no damage.
The orc completely misses you. The orc hits you with a +0 hand axe.
* * * LOW HITPOINT WARNING * * *
You take 1 damage, and have 12/37 hp.
Fire: b) +6 sling of Yfou {freeze, rElec rN+ Int-2 Stlth+}
Press: ? - help, Q - select action, (/) - cycle Shift-Dir - straight line, f/p - orc
Aim: an orc, wielding a +0 flail and wearing a +0 scale mail (moderately wounded, 69% to hit)
You shoot a sling bullet. The sling bullet hits the orc!
The sling bullet freezes the orc.
You kill the orc!
Qazlal accepts your kill. The endoplasm barely misses you.
The orc barely misses you. The endoplasm freezes you.
You are frozen.
* * * LOW HITPOINT WARNING * * *
You take 3 damage, and have 9/37 hp.
Fire: b) +6 sling of Yfou {freeze, rElec rN+ Int-2 Stlth+}
Press: ? - help, Q - select action, (/) - cycle Shift-Dir - straight line, f - orc
Aim: an orc, wielding a +0 hand axe and wearing a +0 leather armour (65% to hit)
You shoot a sling bullet.
The sling bullet closely misses the orc.
The orc hits you but does no damage. The endoplasm freezes you.
You are frozen.
* * * LOW HITPOINT WARNING * * *
The orc hits you but does no damage. The endoplasm freezes you.
You are frozen.
* * * LOW HITPOINT WARNING * * *
You take 6 damage, and have 3/37 hp.
It was a potion of degeneration.
There was something very wrong with that liquid.
You feel weakened.
You feel dopey.
You feel clumsy. The orc completely misses you. The endoplasm freezes you.
You are frozen.
You die... ███ .█████.? ██ .......████ ██. .......). . ... █...†.█ ... ██.██ █$.!██.... ██...██ █.....██████ █..... █)o.█^...).█████.. ██...██ █hJ.██████§......█ ██.....██ █████

███.†.████.█
██.......██
██......█
█.........█
█..████.█
██.......██ ████.██
.█ ██.........██
███....█ .█
█...........██
█...████ .
.............███.███
. ...............█.█


You could see an orc and an endoplasm.

Vanquished Creatures
  A phantom (D:3)
  A hound (D:2)
  3 adders (D:2)
  A ribbon worm (D:2)
  5 orcs (D:3)
  2 endoplasms (D:1)
  2 giant cockroaches
  5 goblins
  4 hobgoblins
  5 kobolds
  4 quokkas
  2 ball pythons
  3 bats
  8 frilled lizards
  4 rats
50 creatures vanquished.

Notes
Turn   | Place    | Note
-------+----------+-------------------------------------------
     0 | D:1      | Goblin1989 the Demonspawn Shapeshifter began the quest for
                  | the Orb.
     0 | D:1      | Reached XP level 1. HP: 15/15 MP: 1/1
   191 | D:1      | Discovered your monstrous ancestry.
   191 | D:1      | Gained mutation: You have large cloven feet. [demonic
                  | ancestry]
   191 | D:1      | Reached XP level 2. HP: 20/21 MP: 2/2
   916 | D:2      | Found Ogeoheco's Antique Weapon Emporium.
  1067 | D:2      | Reached XP level 3. HP: 25/26 MP: 3/3
  1188 | D:2      | Identified the +6 sling of Yfou {freeze, rElec rN+ Int-2
                  | Stlth+}
  1317 | D:2      | Gained mutation: Your touch may inflict minor irresistible
                  | damage on your foes. [demonic ancestry]
  1317 | D:2      | Reached XP level 4. HP: 32/32 MP: 4/4
  1433 | D:2      | Reached skill level 1 in Ranged Weapons
  1756 | D:3      | Noticed a phantom
  1762 | D:3      | Killed a phantom
  1763 | D:3      | Gained mutation: Your demonic aura sometimes causes spilled
                  | blood to erupt in flames. [demonic ancestry]
  1763 | D:3      | Reached XP level 5. HP: 37/37 MP: 5/5
  1772 | D:3      | Found a stormy altar of Qazlal.
  1780 | D:3      | Became a worshipper of Qazlal Stormbringer
  1943 | D:3      | Frozen to death by an endoplasm

Illustrated notes

Levels and vault maps discovered:
D:1:      dpeg_arrival_brainrot, layout_basic
D:2:      layout_basic, serial_shops, shop, minmay_misc_feat_rugged,
          minmay_misc_feat_enclosed, nicolae_figureground_sparkle
D:3:      layout_rooms, nicolae_qazlal_scattered_showers, grunt_ministairs_12,
          nicolae_figureground_pulse, uniq_sigmund

Skill      XL: |  1  2  3  4 |
---------------+-------------+-----
Unarmed Combat | 3 |  3.7
Shapeshifting  | 3 |  3.5
Ranged Weapons | 2 |  2.8
Fighting       | |  1.0
Armour         | |  0.1
Dodging        | |  1.8

Action                     |  1- 3 |  4- 6 || total
---------------------------+-------+-------++-------
  Melee: Unarmed           |    60 |       ||    60
         Kick              |     8 |       ||     8
   Fire: Sling             |     6 |    50 ||    56
    Use: Potion            |       |     2 ||     2
   Stab: Distracted        |     1 |       ||     1
 Armour: Animal skin       |    42 |       ||    42
         Chain mail        |       |    36 ||    36
  Dodge: Dodged            |    37 |    25 ||    62

Table legend: (Time is in decaauts)
 A = Elapsed time spent in this place.
 B = Non-inter-level travel time spent in this place.
 C = Inter-level travel time spent in this place.
 D = Time resting spent in this place.
 E = Time spent auto-exploring this place.
 F = Levels seen in this place.
 G = Mean time per level.
                   A        B        C        D        E       F      G
               +--------+--------+--------+--------+--------+-----+--------+
         Total |   1964 |   1851 |    113 |      0 |   1479 |   3 |  654.7 |
       Dungeon |   1964 |   1851 |    113 |      0 |   1479 |   3 |  654.7 |
               +--------+--------+--------+--------+--------+-----+--------+

Top non-repeatable levels by time:
     D:2: 904 daAuts
     D:1: 828 daAuts
     D:3: 232 daAuts
